 Dungeon Crawl Stone Soup version 0.18-a0-1014-g3bbf375 (webtiles) character file.

7051 JokEr the Thaumaturge (level 10, -7/50 HPs)
             Began as a Deep Elf Wizard on Jan 6, 2016.
             Was a Believer of Vehumet.
             Mangled by a cyan ugly thing (8 damage)
             ... on level 8 of the Dungeon.
             The game lasted 00:45:56 (14678 turns).

JokEr the Thaumaturge (Deep Elf Wizard)            Turns: 14678, Time: 00:45:56

Health: -7/50      AC:  7    Str:  6    XL:     10   Next: 83%
Magic:  21/30      EV: 12    Int: 27    God:    Vehumet [**....]
Gold:   541        SH:  0    Dex: 13    Spells: 5 memorised, 27 levels left

rFire  + . .     SeeInvis +     (no weapon)
rCold  . . .     Gourm    .     A - +5 robe of the Peculiar Demons {rC+ rN+ Str+2 SInv}
rNeg   + . .     Faith    .     (no shield)
rPois  .         Spirit   .     b - +0 hat
rElec  .         Dismiss  .     (no cloak)
rCorr  .         Reflect  .     (no gloves)
SustAt .         Harm     .     (no boots)
MR     +....                    (no amulet)
Stlth  +++.......               w - ring of fire
                                q - ring of stealth

@: very slightly contaminated, somewhat resistant to hostile enchantments,
fairly stealthy
A: no striking features
a: Renounce Religion


You were on level 8 of the Dungeon.
You worshipped Vehumet.
Vehumet was pleased with you.
You were not hungry.

You visited 2 branches of the dungeon, and saw 11 of its levels.
You also visited: Sewer.

You collected 541 gold pieces.

Inventory:

Hand Weapons
 s - a +0 quarterstaff
Armour
 b - a +0 hat (worn)
 A - the +5 robe of the Peculiar Demons (worn) {rC+ rN+ Str+2 SInv}
   (You found it on level 7 of the Dungeon)

   It affects your strength (+2).
   It protects you from cold.
   It protects you from negative energy.
   It lets you see invisible.
Jewellery
 q - a ring of stealth (left hand)
 w - a ring of fire (right hand)
Wands
 u - a wand of disintegration (6/24)
 x - a wand of random effects (36/48)
 y - a wand of frost (17/48)
 H - a wand of slowing (29/48)
Scrolls
 a - a scroll of immolation {unknown}
 i - a scroll of enchant armour {unknown}
 k - 4 scrolls of remove curse
 l - 3 scrolls of magic mapping
 r - 4 scrolls of recharging
 B - 3 scrolls of teleportation
 C - 2 scrolls of fear
 D - 2 scrolls of identify
 F - 3 scrolls of blinking
 J - a scroll of silence {unknown}
Potions
 e - a potion of curing
 j - a potion of lignification {unknown}
 m - 3 potions of agility {unknown}
 n - 2 potions of brilliance {unknown}
 o - 2 potions of ambrosia {unknown}
 p - a potion of haste {unknown}
 t - a potion of berserk rage {unknown}
 v - a potion of invisibility {unknown}
 z - 3 potions of magic {unknown}
 E - 2 potions of flight {unknown}
Books
 c - a book of Minor Magic

   Spells                             Type                      Level
   a - Magic Dart                     Conjuration                  1
   b - Blink                          Translocation                2
   c - Call Imp                       Summoning                    2
   d - Repel Missiles                 Charms/Air                   2
   e - Slow                           Hexes                        2
   f - Conjure Flame                  Conjuration/Fire             3
   g - Mephitic Cloud                 Conjuration/Poison/Air       3
 G - a book of Debilitation

   Spells                             Type                      Level
   a - Corona                         Hexes                        1
   b - Slow                           Hexes                        2
   c - Gell's Gravitas                Hexes/Translocation          3
   d - Inner Flame                    Hexes/Fire                   3
   e - Cause Fear                     Hexes                        4
   f - Leda's Liquefaction            Hexes/Earth                  4
Comestibles
 d - 3 bread rations
 f - 6 meat rations
 g - a beef jerky
 h - a slice of pizza
 I - 6 chunks of flesh


   Skills:
 + Level 5.9 Staves
 - Level 9.2 Dodging
 - Level 2.4 Stealth
 + Level 14.3 Spellcasting
 - Level 4.1 Conjurations
   Level 1.1 Summonings
 - Level 1.1 Translocations
 - Level 5.3 Fire Magic
 - Level 5.3 Poison Magic


You had 27 spell levels left.
You knew the following spells:

 Your Spells              Type           Power        Failure   Level  Hunger
a - Magic Dart            Conj           ####         1%          1    None
b - Mephitic Cloud        Conj/Pois/Air  #####...     2%          3    None
c - Conjure Flame         Conj/Fire      ######..     1%          3    None
d - Blink                 Tloc           N/A          2%          2    None
e - Flame Tongue          Conj/Fire      #####        1%          1    None


Dungeon Overview and Level Annotations

Branches:
Dungeon (10/15)            Temple (1/1) D:6            Lair (0/8) D:8
    Orc (0/2) D:10

Altars:
Ashenzari
Cheibriados
Dithmenos
Elyvilon
Fedhas
Gozag
Kikubaaqudgha
Makhleb
Nemelex Xobeh
Okawaru
Pakellas
Qazlal
Ru
Sif Muna
Trog
Vehumet
Xom
Yredelemnul
Zin
The Shining One

Annotations:
D:3 Ijyb


Message History

You feel a surge of power!
The flame tongue hits the cyan ugly thing.
The cyan ugly thing is moderately wounded.
The cyan ugly thing is engulfed in roaring flames.
The cyan ugly thing stings you!
* * * LOW HITPOINT WARNING * * *
The cyan ugly thing shocks you!
* * * LOW HITPOINT WARNING * * *
Drink which item? (? for menu, Esc to quit)
Okay, then.
Eat which item? (? for menu, Esc to quit)
Okay, then.
Casting: Flame Tongue
Confirm with . or Enter, or press ? or * to list all spells.
You blink.
The cyan ugly thing is engulfed in roaring flames.
The cyan ugly thing stings you but does no damage.
There is an escape hatch in the ceiling here.
The cyan ugly thing stings you!
You die...

..# #♣....P..♣........#
.# #......P.P........##
.# .
##.............#...##
.####..
#............P...#...
##....
##.#.....♣........####
....#
#.....§##.P.......###.#
# ..####
#..####.###.....## #.#
# .....# # #.u######.
#.# # .....# ##..@##
#.#### ....## #.....##
.# #..##. .######
##...#......# #..#..
..###.#
#...#..####..####.....
..#...# #..##..#
#.......... ......#
#.###.## #........##
......## #.##..#
#..#.....## .......#
#.....### ##.##......#
.....###
#.......###..##.......


You could see a cyan ugly thing.

Vanquished Creatures
  A hydra (D:9)
  A two-headed ogre (D:8)
  2 trolls (D:9)
  5 yaks (D:9)
  A basilisk (D:8)
  4 hippogriffs
  Duvessa (D:6)
  2 porcupines
  An ice beast (D:9)
  2 orc warriors
  2 sky beasts
  4 ogres
  2 phantoms
  3 centaurs
  2 big kobolds
  2 crocodiles (D:8)
  8 giant frogs
  A gnoll sergeant (D:5)
  Dowan (D:6)
  2 scorpions
  2 wyvern skeletons
  A water moccasin skeleton (D:5)
  A crimson imp (D:5)
  2 giant frog zombies (D:8)
  2 quasits
  A centaur zombie (D:8)
  5 jellies
  8 hounds
  2 orc priests
  6 orc wizards
  2 giant frog skeletons (D:4)
  2 iguanas
  6 worker ants
  A killer bee zombie (D:7)
  11 sheep
  A hound skeleton (D:7)
  5 gnolls (D:5)
  9 river rats
  2 worker ant zombies
  13 adders
  A shadow imp (D:9)
  4 oozes
  2 adder zombies
  An adder skeleton (D:9)
  5 worms
  4 giant geckos
  25 orcs
  12 ball pythons (Sewer)
  6 giant cockroaches
  6 goblins
  4 hobgoblins
  3 jackals (D:2)
  4 quokkas
  10 bats
  A giant cockroach zombie (D:5)
  8 giant newts
  A jackal zombie (D:7)
  14 kobolds
  28 rats
268 creatures vanquished.

Vanquished Creatures (others)
  10 plants
10 creatures vanquished.

Grand Total: 278 creatures vanquished

Notes
Turn   | Place    | Note
--------------------------------------------------------------
     0 | D:1      | JokEr the Deep Elf Wizard began the quest for the Orb.
     0 | D:1      | Reached XP level 1. HP: 10/10 MP: 7/7
   278 | D:1      | Reached XP level 2. HP: 15/15 MP: 6/9
   495 | D:1      | Reached skill level 5 in Spellcasting
   997 | D:2      | Reached XP level 3. HP: 19/19 MP: 3/11
  1002 | D:2      | Learned a level 3 spell: Mephitic Cloud
  1006 | D:2      | Learned a level 3 spell: Conjure Flame
  1009 | D:2      | Learned a level 2 spell: Blink
  1157 | D:2      | Reached skill level 1 in Fire Magic
  1633 | D:3      | Reached XP level 4. HP: 24/24 MP: 8/13
  1753 | D:3      | Noticed Ijyb
  2155 | D:2      | Reached skill level 1 in Poison Magic
  3148 | D:4      | Reached XP level 5. HP: 15/28 MP: 8/15
  3316 | D:4      | Found a basalt altar of Yredelemnul.
  3325 | D:4      | Reached skill level 6 in Spellcasting
  3729 | D:4      | Noticed an ogre
  3742 | D:4      | Killed an ogre
  3742 | D:4      | Reached XP level 6. HP: 28/32 MP: 1/17
  4530 | D:5      | Entered Level 5 of the Dungeon
  4904 | D:5      | Reached skill level 7 in Spellcasting
  4904 | D:5      | Reached XP level 7. HP: 12/36 MP: 1/19
  5669 | D:5      | Reached skill level 8 in Spellcasting
  6255 | D:5      | Reached skill level 5 in Fire Magic
  6255 | D:5      | Reached skill level 5 in Poison Magic
  6255 | D:5      | Reached XP level 8. HP: 28/41 MP: 6/22
  6659 | D:6      | Found a glowing drain.
  6716 | Sewer    | Entered a sewer
  7445 | Sewer    | Reached skill level 9 in Spellcasting
  7672 | D:6      | Found a staircase to the Ecumenical Temple.
  7679 | Temple   | Entered the Ecumenical Temple
  7852 | D:6      | Found a sparkling altar of Nemelex Xobeh.
  7852 | D:6      | Found an opulent altar of Gozag.
  7927 | D:6      | Noticed Duvessa
  7931 | D:6      | Noticed Dowan
  7941 | D:6      | Killed Duvessa
  7941 | D:6      | Reached skill level 5 in Dodging
  7964 | D:6      | Killed Dowan
  8201 | D:6      | Reached skill level 10 in Spellcasting
  8217 | D:6      | Found a shadowy altar of Dithmenos.
  8271 | D:6      | Found a radiant altar of Vehumet.
  8549 | D:6      | Reached XP level 9. HP: 45/45 MP: 5/25
  8729 | D:6      | Found an iron altar of Okawaru.
  8729 | D:6      | Found a bloodstained altar of Trog.
  8736 | D:6      | Became a worshipper of Vehumet
  8742 | D:6      | Found a shattered altar of Ashenzari.
  9413 | D:7      | Got a wizard robe
  9424 | D:7      | Identified the +5 robe of the Peculiar Demons {rC+ rN+ Str+2 SInv} (You found it on level 7 of the Dungeon)
  9457 | D:7      | You fall through a shaft for 3 floors!
  9457 | D:10     | Entered Level 10 of the Dungeon
  9460 | D:10     | Found a staircase to the Orcish Mines.
  9559 | D:10     | Noticed a hill giant
  9924 | D:9      | Found a shimmering altar of Xom.
  9934 | D:9      | Reached skill level 11 in Spellcasting
 10431 | D:9      | Reached skill level 12 in Spellcasting
 10536 | D:9      | Reached * piety under Vehumet
 10536 | D:9      | Offered knowledge of Freeze by Vehumet.
 10731 | D:9      | Noticed a troll
 10757 | D:9      | Killed a troll
 10958 | D:9      | Found a sparkling altar of Nemelex Xobeh.
 11367 | D:9      | Reached XP level 10. HP: 30/50 MP: 20/28
 11621 | D:9      | Reached skill level 1 in Staves
 11824 | D:9      | Noticed a two-headed hydra
 11833 | D:9      | Killed a two-headed hydra
 11833 | D:9      | Reached skill level 13 in Spellcasting
 11854 | D:9      | HP: 2/50 [yak (14)]
 11866 | D:9      | Noticed a deep elf mage
 12744 | D:8      | Found a staircase to the Lair.
 13045 | D:7      | Reached skill level 5 in Staves
 13096 | D:7      | Reached skill level 14 in Spellcasting
 13253 | D:7      | Found an opulent altar of Gozag.
 14250 | D:8      | Offered knowledge of Flame Tongue by Vehumet.
 14253 | D:8      | Learned a level 1 spell: Flame Tongue
 14263 | D:8      | Reached ** piety under Vehumet
 14671 | D:8      | Noticed a cyan ugly thing
 14675 | D:8      | HP: 1/50 [cyan ugly thing (13)]
 14678 | D:8      | Mangled by a cyan ugly thing

Vault maps used:
D:1:      minmay_arrival_loop
D:3:      minmay_liquid_box, uniq_iyjb
D:4:      yredelemnul_altar_generic, first_bread
D:5:      minivault_24
D:6:      grunt_temple_overflow_opulence, grunt_temple_overflow_cloverleaf,
          minmay_temple_entry_statues_fountains, gup_sewer_entry_glass,
          nicolae_dithmenos_through_a_glass_darkly, uniq_duvessa
D:7:      grunt_gozag_statues
D:8:      minmay_lair_entry_grove, minmay_crystal_water
D:9:      kennysheep_little_box, hangedman_ranch, nemelex_diamond_rough_becter
D:10:     orc_0_dummy
Temple:   circular_temple_12
Sewer:    sewer_minmay_w

Action                   |  1- 3 |  4- 6 |  7- 9 | 10-12 || total
-------------------------+-------+-------+-------+-------++-------
Melee: Quarterstaff      |       |       |    12 |    27 ||    39
 Cast: Magic Dart        |    83 |   190 |   516 |   250 ||  1039
       Conjure Flame     |     1 |    13 |    30 |    20 ||    64
       Mephitic Cloud    |     1 |     2 |    23 |    10 ||    36
       Blink             |       |       |    10 |     6 ||    16
       Flame Tongue      |       |       |       |    39 ||    39
  Use: Scroll            |     6 |     1 |     7 |     1 ||    15
       Potion            |       |       |       |    11 ||    11
  Eat: Bread ration      |     1 |       |     3 |     2 ||     6
       Chunk             |       |     3 |     4 |     2 ||     9
       Beef jerky        |       |     2 |       |       ||     2
       Royal jelly       |       |     1 |       |       ||     1
       Pizza             |       |       |     1 |       ||     1
